 Dungeon Crawl Stone Soup version 0.29.1-2-gbd0b4ee654 (webtiles) character file.

Game seed: 16271523212106961126

141 Avanven the Skirmisher (level 5, -3/30 HPs)
             Began as a Kobold Hunter on Nov 4, 2022.
             Slain by Grinder (6 damage)
             ... on level 3 of the Dungeon.
             The game lasted 00:02:42 (2109 turns).

Avanven the Skirmisher (Kobold Hunter)              Turns: 2109, Time: 00:02:42

Health: -3/30      AC:  5    Str:  6 (9)  XL:     5   Next: 48%
Magic:  5/5        EV: 14    Int:  8 (10) God:
Gold:   130        SH:  0    Dex: 17 (20) Spells: 4/4 levels left

rFire   . . .      SeeInvis .   a - +0 shortbow
rCold   . . .      Faith    .   (shield currently unavailable)
rNeg    . . .      Spirit   .   c - +0 leather armour
rPois   .          Reflect  .   d - +1 helmet
rElec   .          Harm     .   (no cloak)
rCorr   +          Rampage  .   (no gloves)
Will    .....                   (no boots)
Stlth   +++.......              (no amulet)
HPRegen 0.10/turn               k - ring of resist corrosion
MPRegen 0.09/turn               (no ring)

@: no status effects
A: small, no large weapons, nightstalker 3
a: no special abilities


You were on level 3 of the Dungeon.
You visited 1 branch of the dungeon, and saw 3 of its levels.

You collected 130 gold pieces.

Inventory:

Hand Weapons
 a - a +0 shortbow (weapon)
Armour
 c - a +0 leather armour (worn)
 d - a +1 helmet (worn)
Jewellery
 k - a ring of resist corrosion (left hand)
Scrolls
 b - a scroll of immolation
 e - a scroll of enchant weapon {unknown}
 f - a scroll of enchant armour
 g - a scroll of identify
Potions
 h - a potion of brilliance
 i - a potion of degeneration
 j - a potion of flight {unknown}


   Skills:
 - Level 2.1 Fighting
 * Level 8.4 Ranged Weapons
 - Level 2.4 Dodging
 - Level 1.3 Stealth


You had 4 spell levels left.
You didn't know any spells.
Your spell library was empty.

Dungeon Overview and Level Annotations

Branches:
Dungeon (3/15)

Altars:

Shops:
D:1 [

Annotations:
D:3 Grinder


Innate Abilities, Weirdness & Mutations

You are small and have problems with some larger weapons.
You are completely attuned to the shadows.


Message History

You are too injured to fight recklessly!
Unknown command.
Fire: a) +0 shortbow
Press: ? - help, Shift-Dir - straight line, f/p - Grinder
Aim: Grinder (moderately wounded, 64% to hit)
You shoot an arrow. The arrow hits Grinder.
Grinder is moderately wounded.
Grinder gestures at you. Pain shoots through your body!
* * * LOW HITPOINT WARNING * * *
Grinder blinks!
Fire: a) +0 shortbow
Press: ? - help, Shift-Dir - straight line, f/p - Grinder
Aim: Grinder (moderately wounded, 64% to hit)
You shoot an arrow. The arrow closely misses Grinder.
Grinder barely misses you.
Fire: a) +0 shortbow
Press: ? - help, Shift-Dir - straight line, f/p - Grinder
Aim: Grinder (moderately wounded, 64% to hit)
You shoot an arrow. The arrow hits Grinder!
Grinder is heavily wounded.
Grinder gestures at you. Pain shoots through your body!
* * * LOW HITPOINT WARNING * * *
Unknown command.
Fire: a) +0 shortbow
Press: ? - help, Shift-Dir - straight line, f/p - Grinder
Aim: Grinder (heavily wounded, 64% to hit)
You shoot an arrow.
The arrow hits Grinder but does no damage.
Grinder is heavily wounded.
Grinder hits you.
* * * LOW HITPOINT WARNING * * *
You writhe in agony.
* * * LOW HITPOINT WARNING * * *
It was a potion of degeneration.
There was something very wrong with that liquid.
You feel weakened.
You feel dopey.
You feel clumsy. Grinder hits you.
You die...

****** *,,<,,
###########*** #.#***
*** #....5@....,,* #.# #
,,*****####.#########*,*
#.# ## *,,,,,,.......#
*#.#####.###.
*******####.#.#
#...........# #.#.#
##.#*###..###. #.#.#
####..# #..#### #.#.#
#.....# #....#⌠ #.#.#
#..#..# #.##... #.#.#
#..##.#####.###..


You could see Grinder.

Vanquished Creatures
  Terence (D:3)
  An orc wizard (D:3)
  3 adders (D:3)
  2 dart slugs
  3 orcs (D:3)
  8 endoplasms
  3 giant cockroaches
  7 goblins
  6 hobgoblins
  A jackal (D:2)
  4 kobolds (D:1)
  A quokka (D:3)
  A ball python (D:2)
  3 bats
  4 frilled lizards
  7 rats
55 creatures vanquished.

Notes
Turn   | Place    | Note
-------+----------+-------------------------------------------
     0 | D:1      | Avanven the Kobold Hunter began the quest for the Orb.
     0 | D:1      | Reached XP level 1. HP: 12/12 MP: 1/1
    77 | D:1      | Reached XP level 2. HP: 17/17 MP: 2/2
   203 | D:1      | Found Bisidwopt's Antique Armour Boutique.
   231 | D:1      | Reached skill level 6 in Ranged Weapons
   313 | D:1      | Reached XP level 3. HP: 21/21 MP: 3/3
  1244 | D:3      | Reached skill level 7 in Ranged Weapons
  1244 | D:3      | Reached XP level 4. HP: 26/26 MP: 4/4
  1650 | D:3      | Found a faded altar of an unknown god.
  1738 | D:3      | Reached XP level 5. HP: 27/30 MP: 5/5
  1775 | D:3      | Noticed Terence
  1783 | D:3      | Killed Terence
  1784 | D:3      | Reached skill level 8 in Ranged Weapons
  2101 | D:3      | Noticed Grinder
  2109 | D:3      | Slain by Grinder

Illustrated notes

Levels and vault maps discovered:
D:1:      psy_arrival_fountain, layout_basic, serial_shops, shop_statue
D:2:      layout_loops_ring, kennysheep_generic_room_13
D:3:      layout_loops_ring, hellmonk_ecumenical_altar_run_dry, uniq_terence,
          uniq_grinder

Skill      XL: |  1  2  3  4  5 |
---------------+----------------+-----
Ranged Weapons | 6 7 8 |  8.4
Fighting       | |  2.1
Dodging        | |  2.4
Stealth        | |  1.3

Action                   |  1- 3 |  4- 6 || total
-------------------------+-------+-------++-------
 Fire: Shortbow          |    60 |    57 ||   117
  Use: Scroll            |       |     3 ||     3
       Potion            |       |     1 ||     1
Armor: Leather armour    |     3 |     3 ||     6
Dodge: Dodged            |     7 |    15 ||    22
